 Dungeon Crawl Stone Soup version 0.17.1-2-g5865329 (webtiles) character file.

112 Moresty the Ruffian (level 4, -2/45 HPs)
             Began as a Troll Monk on Jan 12, 2016.
             Killed by divine providence
             ... invoked by an orc priest
              (15 damage)
             ... on level 3 of the Dungeon.
             The game lasted 00:04:39 (1625 turns).

Moresty the Ruffian (Troll Monk)                    Turns: 1625, Time: 00:04:39

Health: -2/45      AC:  5    Str: 20    XL:     4   Next: 63%
Magic:  3/3        EV: 10    Int:  6    God:
Gold:   162        SH:  0    Dex: 12    Spells: 0 memorised, 3 levels left

rFire  . . .     SeeInvis +       - Unarmed
rCold  . . .     Clarity  .     q - +0 robe
rNeg   . . .     SustAt   .     (no shield)
rPois  .         Gourm    +     (helmet restricted)
rElec  .         Spirit   .     (no cloak)
rCorr  .         Warding  .     (gloves unavailable)
rMut   .         Stasis   .     (boots unavailable)
MR     .....                    (no amulet)
Stlth  +.........               s - ring of see invisible
                                i - ring of wizardry

@: not resistant to hostile enchantments, very unstealthy
A: unfitting armour, claws 3, fast metabolism 3, gourmand, regeneration 2,
shaggy fur 1, tough skin 2
a: no special abilities


You were on level 3 of the Dungeon.
You were completely stuffed.

You visited 1 branch of the dungeon, and saw 3 of its levels.

You collected 162 gold pieces.

Inventory:

Armour
 a - a +0 robe
 q - a +0 robe (worn)
Jewellery
 i - a ring of wizardry (left claw)
 l - an uncursed amulet of faith
 s - a ring of see invisible (right claw)
Scrolls
 c - 2 scrolls of magic mapping {unknown}
 e - 5 scrolls of identify {unknown}
 h - a scroll of blinking {unknown}
 k - a scroll of remove curse {unknown}
 m - 2 scrolls of enchant armour {unknown}
 o - a scroll of fear {unknown}
 t - a scroll of enchant weapon {unknown}
Potions
 f - a potion of brilliance {unknown}
 g - 4 potions of curing {unknown}
 j - a potion of degeneration {unknown}
 n - a potion of heal wounds {unknown}
 u - a potion of might {unknown}
 v - a potion of flight {unknown}
Comestibles
 b - 2 bread rations
 d - a beef jerky
 p - 5 chunks of flesh
 r - 3 slices of pizza


   Skills:
 + Level 3.0 Fighting
 + Level 2.9 Dodging
 - Level 1.1 Stealth
 * Level 5.2 Unarmed Combat


You had 3 spell levels left.
You didn't know any spells.

Dungeon Overview and Level Annotations

Branches:
Dungeon (3/15)

Altars:
Ashenzari


Innate Abilities, Weirdness & Mutations

You are too large for most types of armour.
You have claws for hands.
Your metabolism is lightning-fast.
You like to eat raw meat.
You heal very quickly.
You are covered in fur (AC +1).
You have very tough skin (AC +2).


Message History

The orc priest calls down the wrath of Beogh upon you.
Something smites you!
You closely miss the giant newt. The giant newt bites you.
You barely miss the giant newt.
The giant newt bites you but does no damage.
The orc priest invokes the aid of Beogh against you.
Something smites you!
You miss the giant newt.
The giant newt bites you but does no damage.
The orc priest calls down the wrath of Beogh upon you.
Something smites you!
* * * LOW HITPOINT WARNING * * *
You barely miss the rat. The rat barely misses you.
The giant newt bites you but does no damage.
You scratch the rat.
You kill the rat!
The giant newt barely misses you.
The orc priest calls down the wrath of Beogh upon you.
Something smites you!
You die...

..... ..#.....!
.....###.#.?....
.....#.........
##+##.⌠#..w......
##...#.#.w..o.....
...........og..o.....
##.......#.oo#########
#.>..##+#..#l# #.
.......(...@# ..
#...#.#...###
#.##..##.##..#
.##.#...##..#..###
.......<.........###
..............##...#
.###..........####.##
##....<....# #..##
#.#######.# ##..#


You could see a worm, an orc priest, 2 orcs, a goblin and a giant newt.

Vanquished Creatures
  An adder (D:3)
  4 gnolls
  3 worms
  2 giant geckos
  An orc (D:3)
  2 ball pythons
  2 bats
  4 giant cockroaches
  6 hobgoblins
  3 jackals (D:2)
  13 kobolds
  4 giant newts (D:1)
  4 goblins
  7 rats
56 creatures vanquished.

Notes
Turn   | Place    | Note
--------------------------------------------------------------
     0 | D:1      | Moresty the Troll Monk began the quest for the Orb.
     0 | D:1      | Reached XP level 1. HP: 22/22 MP: 0/0
   118 | D:1      | Reached XP level 2. HP: 18/29 MP: 1/1
   243 | D:1      | Reached XP level 3. HP: 36/36 MP: 2/2
  1157 | D:2      | Reached skill level 5 in Unarmed Combat
  1157 | D:2      | Reached XP level 4. HP: 35/44 MP: 3/3
  1325 | D:2      | Found a faded altar to an unknown god.
  1612 | D:3      | Found a shattered altar of Ashenzari.
  1625 | D:3      | Killed from afar by an orc priest

Action                   |  1- 3 |  4- 6 || total
-------------------------+-------+-------++-------
Melee: Unarmed           |   109 |    43 ||   152
 Stab: Sleeping          |     1 |     2 ||     3
  Eat: Chunk             |    16 |     4 ||    20
